 Dungeon Crawl Stone Soup version 0.19.5 (webtiles) character file.

966 snowfan the Conjurer (level 8, -3/46 HPs)
             Began as an Octopode Conjurer on Apr 17, 2017.
             Slain by a river rat (6 damage)
             ... on level 4 of the Dungeon.
             The game lasted 00:20:53 (5817 turns).

snowfan the Conjurer (Octopode Conjurer)            Turns: 5817, Time: 00:20:54

Health: -3/46      AC:  1    Str:  8    XL:     8   Next: 15%
Magic:  0/17       EV: 13    Int: 19    God:
Gold:   284        SH:  0    Dex: 12    Spells: 3 memorised, 11 levels left

rFire  . . .     SeeInvis .     t - +2 dagger (venom)
rCold  . . .     Gourm    .     (no shield)
rNeg   . . .     Faith    +     (helmet restricted)
rPois  .         Spirit   .     f - amulet of faith
rElec  .         Reflect  .     u - ring of loudness (curse)
rCorr  .         Harm     .     (no ring)
MR     .....                    (no ring)
Stlth  ++........               (no ring)
                                (no ring)
                                (no ring)
                                (no ring)
                                (no ring)

@: no status effects
A: almost no armour, stealthy swim, amphibious, 8 rings, constrict 8, camouflage
1, gelatinous body 1
a: no special abilities


You were on level 4 of the Dungeon.
You were not hungry.

You visited 1 branch of the dungeon, and saw 5 of its levels.

You collected 284 gold pieces.

Inventory:

Hand Weapons
 d - a +0 antimagic dagger
 t - a +2 dagger of venom (weapon)
 x - a +1 hunting sling of freezing
Jewellery
 f - an amulet of faith (around mantle)
 u - a cursed ring of loudness (left tentacle)
Wands
 w - a wand of lightning (5/15)
Scrolls
 c - 2 scrolls of fear {unknown}
 e - a scroll of teleportation
 h - 5 scrolls of identify {unknown}
 i - a scroll of enchant weapon {unknown}
 j - a scroll of noise {unknown}
 m - a scroll of amnesia {unknown}
 n - a scroll of recharging {unknown}
 q - 2 scrolls of fog {unknown}
 r - 2 scrolls of random uselessness {unknown}
 s - a scroll of remove curse {unknown}
Potions
 l - a potion of degeneration {unknown}
 o - a potion of curing {unknown}
 p - a potion of ambrosia {unknown}
 v - a potion of cure mutation {unknown}
Books
 a - a book of Conjurations

   Spells                             Type                      Level
   a - Magic Dart                     Conjuration                  1
   b - Searing Ray                    Conjuration                  2
   c - Dazzling Spray                 Conjuration/Hexes            3
   d - Fulminant Prism                Conjuration/Hexes            4
   e - Iskenderun's Mystic Blast      Conjuration                  4
   f - Iskenderun's Battlesphere      Conjuration/Charms           5
Comestibles
 b - 2 bread rations
 g - 5 chunks of flesh
 k - a slice of pizza
 z - a meat ration


   Skills:
 - Level 2.0 Dodging
 - Level 2.6 Stealth
 + Level 6.1 Spellcasting
 - Level 7.7 Conjurations


You had 11 spell levels left.
You knew the following spells:

 Your Spells              Type           Power        Failure   Level  Hunger
a - Magic Dart            Conj           ####         1%          1    None
b - Iskenderun's Mystic   Conj           #####...     6%          4    ####...
d - Dazzling Spray        Conj/Hex       ###...       10%         3    ##.....


Dungeon Overview and Level Annotations

Branches:
Dungeon (5/15)
 Temple: D:4-7

Altars:
Ashenzari


Innate Abilities, Weirdness & Mutations

You cannot wear most types of armour.
You are very stealthy in the water. (Stealth+)
You are amphibious.
You can wear up to eight rings at the same time.
You can use your tentacles to constrict eight enemies at once.
Your skin changes colour to match your surroundings (Stealth+).
Your rubbery body absorbs attacks. (AC +1, EV +1)


Message History

The river rat bites you.
* * * LOW HITPOINT WARNING * * *
Casting: Magic Dart
Confirm with . or Enter, or press ? or * to list all spells.
Aiming: Magic Dart
Press: ? - help, Shift-Dir - straight line, f/p - river rat
Aim: a river rat (almost dead)
The magic dart hits the river rat.
The river rat is almost dead.
The river rat bites you!
* * * LOW HITPOINT WARNING * * *
Casting: Magic Dart
Confirm with . or Enter, or press ? or * to list all spells.
Aiming: Magic Dart
Press: ? - help, Shift-Dir - straight line, f/p - river rat
Aim: a river rat (almost dead)
The magic dart hits the river rat.
The river rat is almost dead.
The river rat bites you.
You die...

#.....................##.##.
#############...###....#..#.
#...# #......8#. #...# #...######
###...###....#####
##.................
###############..#...............
#..............)###..######......
#.........###..†@r..## #......
#.............####### #......
#.........##### #......
#.....<...# ####### #.........#
###########


You could see a river rat.

Vanquished Creatures
  The ghost of Shinoi the Bolt Thrower, a novice DDHu (D:4)
  An ogre (D:4)
  2 scorpions (D:4)
  A bullfrog skeleton (D:4)
  A centaur skeleton (D:4)
  An orc priest (D:4)
  A hound (D:4)
  An orc wizard (D:4)
  Jessica (D:2)
  An iguana (D:4)
  2 worker ants (D:4)
  10 adders
  3 gnolls (D:3)
  A howler monkey skeleton (D:4)
  An adder skeleton (D:4)
  4 worms
  2 dart slugs
  A leopard gecko (D:1)
  7 orcs
  A ball python (D:4)
  8 bats
  5 giant cockroaches
  11 goblins
  5 hobgoblins
  9 kobolds
  3 quokkas
  4 frilled lizards
  A leopard gecko skeleton (D:4)
  7 rats
96 creatures vanquished.

Notes
Turn   | Place    | Note
-------+----------+-------------------------------------------
     0 | D:1      | snowfan the Octopode Conjurer began the quest for the Orb.
     0 | D:1      | Reached XP level 1. HP: 11/11 MP: 3/3
   285 | D:1      | Reached XP level 2. HP: 8/17 MP: 0/5
   855 | D:1      | Reached XP level 3. HP: 17/21 MP: 4/6
  1140 | D:2      | Reached skill level 5 in Conjurations
  1445 | D:2      | Learned a level 3 spell: Dazzling Spray
  1451 | D:2      | Noticed Jessica
  1456 | D:2      | Killed Jessica
  1456 | D:2      | Reached XP level 4. HP: 27/27 MP: 3/7
  1642 | D:2      | Found a shattered altar of Ashenzari.
  2339 | D:3      | Reached skill level 6 in Conjurations
  2696 | D:3      | Reached XP level 5. HP: 31/31 MP: 5/8
  2913 | D:3      | Noticed an ice beast
  3285 | D:3      | Learned a level 4 spell: Iskenderun's Mystic Blast
  3650 | D:4      | Reached skill level 7 in Conjurations
  3759 | D:4      | Reached XP level 6. HP: 36/36 MP: 3/9
  4374 | D:4      | Noticed Shinoi's ghost (novice DDHu)
  5022 | D:4      | Killed Shinoi's ghost
  5022 | D:4      | Reached XP level 7. HP: 14/41 MP: 0/14
  5350 | D:4      | Reached skill level 5 in Spellcasting
  5449 | D:4      | Reached XP level 8. HP: 42/46 MP: 5/16
  5798 | D:5      | Entered Level 5 of the Dungeon
  5817 | D:4      | Slain by a river rat

Skill      XL: |  1  2  3  4  5  6  7  8 |
---------------+-------------------------+-----
Conjurations   | 5 6 7 |  7.7
Spellcasting   | 4 5 6 |  6.1
Dodging        | |  2.0
Stealth        | |  2.6

Action                   |  1- 3 |  4- 6 |  7- 9 || total
-------------------------+-------+-------+-------++-------
Melee: Dagger            |    46 |    16 |     1 ||    63
       Constrict         |    14 |     4 |       ||    18
       Tentacles         |     8 |     3 |       ||    11
 Cast: Magic Dart        |    17 |   186 |    62 ||   265
       Dazzling Spray    |       |     3 |     5 ||     8
       Iskenderun's Myst |       |     2 |       ||     2
  Use: Potion            |       |     7 |       ||     7
       Scroll            |       |     1 |       ||     1
 Stab: Sleeping          |     7 |     2 |       ||     9
  Eat: Chunk             |     2 |    12 |     3 ||    17
       Pizza             |       |     1 |       ||     1
Armor: Skin              |     1 |     3 |     1 ||     5
Dodge: Dodged            |    28 |    36 |    22 ||    86
